TKirby, chaotic male elven Wizard ----------- ----------- |....|....--- |.........| |.```|```..>| |.........| |..`......--- |.........| |....|....| |....<....| |-.--------- |.........| |..`.|.....| |.........| |....|.....| |.........| |.......[..| |.........| |....|...$.----------------+| |....|`..(..[...)......^^%^.| ----------------------------- TKirby the Thaumaturge Experience level: 7 Strength: 14 Dexterity: 15 Constitution: 16 Intelligence: 18 Wisdom: 12 Charisma: 9 Health: 47(47) Energy: 87(87) Def: 3 Gold: 3311 Moves: 9310 Dungeon seed: K5tlL_QaWrPPUUpm Game ID: TKirby_1506428744 Your Inventory: Coins $ - 3311 gold pieces Weapons a - a blessed +3 quarterstaff (weapon in hands) t - a +0 dagger Q - a +0 long sword (alternate weapon; not wielded) Armor e - an uncursed +1 cloak of magic resistance (being worn) N - an uncursed +0 pair of elven boots (being worn) Scrolls o - an uncursed scroll of enchant armor s - an uncursed scroll of scare monster w - a blessed scroll of earth B - 3 uncursed scrolls of blank paper D - an uncursed scroll of earth L - an uncursed scroll of light T - an uncursed scroll of teleportation Spellbooks l - a blessed spellbook of force bolt m - an uncursed spellbook of detect treasure Potions f - an uncursed potion of object detection g - an uncursed potion of oil h - 2 uncursed potions of sickness i - an uncursed potion of blindness C - an uncursed potion of sleeping Rings c - an uncursed ring of cold resistance d - an uncursed ring of free action j - an uncursed ring of protection from shape changers u - an uncursed +1 ring of gain constitution v - an uncursed ring of searching x - an uncursed ring of conflict F - an uncursed ring of regeneration G - an uncursed ring of stealth Y - an uncursed +2 ring of adornment Wands b - a wand of striking (0:0) k - a wand of digging (0:7) I - a wand of light (0:13) P - a wand of opening (0:5) R - a blessed wand of nothing (0:4) Tools n - an uncursed wooden harp z - an uncursed tallow candle (0:200) S - an uncursed magic whistle W - 4 cursed wax candles (0:400) Gems q - 2 uncursed worthless pieces of yellowish brown glass r - an uncursed fluorite stone y - an uncursed worthless piece of orange glass A - an uncursed worthless piece of red glass Spells and supernatural/magical abilities: Name Level Category Fail Memory a - force bolt 1 attack 0% 54% c - cause fear 3 enchantment 0% 62% d - dig 5 matter 100% 79% u - confuse monster 2 enchantment 0% 59% K - cure sickness 3 healing 77% 54% W - pray for help -- divine ? -- Your skills at the end: Fighting Skills Weapon Skills quarterstaff [Skilled] Spellcasting Skills attack spells [Skilled] enchantment spells [Basic] Final Attributes: You were piously aligned. You were sleep resistant. You were magic-protected. You had infravision. You were stealthy. Anhur was angry with you. You are dead. Vanquished creatures: a large dog a leather golem a chameleon 2 crocodiles 3 giant beetles a panther 15 leprechauns a rust monster a yeti a lizard a dingo a jaguar a dwarf lord a raven an ape a Woodland-elf 2 bugbears a wood nymph a water nymph a mountain nymph 2 Mordor orcs 5 Uruk-hai an orc shaman 3 rock moles a pony 4 yellow lights a shrieker 2 violet fungi 3 gnome lords a gnomish wizard a gray ooze 3 elf zombies a ghoul a straw golem a paper golem a baby crocodile 3 giant ants a little dog 5 floating eyes a kitten 2 homunculi a kobold lord a kobold shaman a rothe a giant bat 2 monkeys 4 orc zombies 3 dwarf zombies 2 wererats a werejackal 5 iguanas 9 killer bees 2 gas spores a hobbit 3 manes 2 large kobolds 15 hobgoblins 2 giant rats 4 cave spiders a brown mold 3 green molds a red mold 3 gnomes 3 geckos 10 jackals 2 foxes 5 kobolds 4 goblins 3 sewer rats 6 grid bugs 2 bats 4 lichens a kobold zombie 12 newts 200 creatures vanquished. Voluntary challenges: You used a wielded weapon 153 times, starting on turn 98. You read items or engraved 51 times, starting on turn 504. You never genocided any monsters. You never polymorphed an object. You never changed form. You used no wishes. You never split a pudding. You never wrote Elbereth's name. You violated your moral code, losing 42 points of alignment, starting on turn 4811. Dungeon overview: The Dungeons of Doom: levels 1 to 10 Level 1 some fountains a long staircase Level 2 Level 3 a fountain a long staircase Level 4 a fountain Level 5 many fountains Level 6 stairs to Sokoban Level 7 a scroll shop Level 8 Level 9 some fountains, a sink Level 10 a fountain Sokoban: levels 4 to 5 Level 4 <- You were here Level 5 stairs to The Dungeons of Doom History has recorded: On T:1 you entered the Dungeons of Doom to retrieve the Amulet of Yendor! On T:602 you reached level 2 of The Dungeons of Doom. On T:756 you advanced to experience level 2. On T:1164 you reached level 3 of The Dungeons of Doom. On T:1348 you advanced to experience level 3. On T:1569 you reached level 4 of The Dungeons of Doom. On T:1826 you advanced to experience level 4. On T:2024 you reached level 5 of The Dungeons of Doom. On T:2348 you advanced to experience level 5. On T:2622 you reached level 6 of The Dungeons of Doom. On T:3415 you reached level 7 of The Dungeons of Doom. On T:4004 you reached level 8 of The Dungeons of Doom. On T:4073 you advanced to experience level 6. On T:4213 you advanced to experience level 7. On T:5361 you reached level 9 of The Dungeons of Doom. On T:5796 you advanced to experience level 8. On T:6066 you reached level 10 of The Dungeons of Doom. On T:7435 you reached level 4 of Sokoban. On T:8322 you reached level 3 of Sokoban. Score breakdown: Gold: 3311 (11974 points) Experience: 7 levels (13645 points) Exploration: 10 levels ( 22.22%) (13568 points) Discoveries: 19 items ( 6.83%) ( 7842 points) Valuables value: (no points given unless you survive) Artifact value: 0 ( 0 points) Variety of kills: 74 monsters ( 19.42%) (13221 points) Turncount: 9310 turns (-2272 points) Survival: died (score multiplied by 80%) Total score: 46382 Latest messages: You feel foolish! Goodbye level 8. You faint from lack of food. You come to. You faint from lack of food. You come to. You faint from lack of food. You come to. You faint from lack of food. You come to. You faint from lack of food. You come to. You faint from lack of food. You come to. You faint from lack of food. You come to. You faint from lack of food. You come to. You see here 10 gold pieces. Maple drops an iron skull cap. You faint from lack of food. You die from starvation. Final status: Goodbye TKirby the Wizard, died of starvation, while fainted from lack of food... You starved in Sokoban on dungeon level 4 with 46382 points, and 3311 pieces of gold, after 9310 moves. You were level 7 with a maximum of 47 hit points when you starved.